[Event "*** Titled Tuesday Blitz"]
[Site "Chess.com"]
[Date "2021.02.02"]
[Round "5"]
[White "InitiatingASC"]
[Black "Piacramling"]
[Result "1/2-1/2"]
[WhiteElo "2414"]
[BlackElo "2252"]
[TimeControl "180+1"]
[EndTime "10:59:39 PST"]
[Termination "Game drawn by repetition"]

1. Nf3 c5 2. g3 Nc6 3. Bg2 g6 4. O-O Bg7 5. d3 e5 6. Nbd2 Nge7 7. e4 O-O 8. a3 d5 9. exd5 Nxd5 10. Re1 h6 11. Nc4 Re8 12. Be3 Nxe3 13. Rxe3 Bf5 14.
Qe2 Nd4 15. Qd2 Qc7 16. Rae1 Nxf3+ 17. Bxf3 Rad8 18. a4 Bd7 19. Qe2 Bxa4 20. b3 Bd7 21. Nxe5 Bxe5 22. Rxe5 Rxe5 23. Qxe5 Qxe5 24. Rxe5 b6 25. Bd5 Kf8 26. f4 Re8 27. Kf2 f6 28. Rxe8+ Kxe8 29. Ke3 Ke7 30. d4 cxd4+ 31. Kxd4 a5 32.
Be4 g5 33. Bd3 Kd6 34. h4 gxh4 35. gxh4 Be6 36. Ke4 Bd7 37. Kd4 Be6 38. Bb5 Bc8 39.
Be8 Bf5 40. c3 Be6 41. c4 Bf5 42. Bb5 Bc2 43. Ba4 Bf5 44. Bb5 Bc8 45. Ba4 Be6 46. Be8 Bc8 47. Bg6 Be6 48. Be4 Bd7 49. Bc2 Be6 50. Ke4 Bd7 51. Kd4 Be6 52. Bd1 Bd7 53. Bf3 Be6 54. Be4 Bd7 55. Bd5 Bf5 56. Bf7 Bd7 57. Bg6 Be6 58. Bc2 Bd7 59. Bd1 Be6 60. Be2 Bd7 61. Bf3 Be6 62. Bg2 Bd7 63. Be4 Be6 64. Bf3 Bd7 65. Bd1 Be6 66. Bc2 Bd7 67.
Bd3 Be6 68. Bc2 1/2-1/2

[Event "*** Titled Tuesday Blitz"]
[Site "Chess.com"]
[Date "2021.02.02"]
[Round "5"]
[White "kikydu96"]
[Black "Sippp"]
[Result "1/2-1/2"]
[WhiteElo "2581"]
[BlackElo "2780"]
[TimeControl "180+1"]
[EndTime "10:59:40 PST"]
[Termination "Game drawn by repetition"]

1. e4 c5 2. Nf3 g6 3. c3 d5 4.
exd5 Qxd5 5. d4 Bg7 6. Be3 cxd4 7. cxd4 Nf6 8. Nc3 Qa5 9. Bc4 O-O 10. O-O Nbd7 11.
Qd2 Nb6 12. Bb3 Bd7 13. Nd5 Qxd2 14. Nxe7+ Kh8 15. Bxd2 Rfe8 16. Rfe1 Bf8 17. Bg5 Kg7 18. Bxf6+ Kxf6 19. Nd5+ Nxd5 20. Bxd5 Bd6 21. Ne5 Bxe5 22. dxe5+ Rxe5 23. Rxe5 Kxe5 24. Bxf7 Bc6 25. Re1+ Kf6 26. Bb3 Rd8 27. Re6+ Kg5 28. Re7 h5 29. Re2 h4 30. h3 Rd6 31. f3 Kf4 32. Kf2 g5 33. Rc2 Bb5 34. a3 Rd4 35. Be6 Bc6 36. Re2 a5 37. Bb3 Bb5 38. Rc2 Bc6 39. Ba2 Ke5 40. Rc5+ Kf4 41. Rc2 Bb5 42. Bb3 Bc6 43. Rc4 Rxc4 44.
Bxc4 Bd7 45. b4 axb4 46. axb4 b6 47. Bd3 Be6 48. Be2 Bd5 49. Bf1 Be6 50. Be2 Bd5 51. Bd3 Be6 52. Bb5 Bd5 53. Bf1 Be6 54. Be2 1/2-1/2

[Event "*** Titled Tuesday Blitz"]
[Site "Chess.com"]
[Date "2021.02.02"]
[Round "5"]
[White "MarcoRiehle"]
[Black "ukchessbomber"]
[Result "1-0"]
[WhiteElo "2697"]
[BlackElo "2394"]
[TimeControl "180+1"]
[EndTime "10:59:40 PST"]
[Termination "MarcoRiehle won by checkmate"]

1. e4 e5 2. Nf3 Nc6 3. d4 exd4 4. Bc4 Nf6 5. O-O Nxe4 6. Nc3 d5 7. Bxd5 Nxc3 8. Bxc6+ bxc6 9. bxc3 dxc3 10. Qe1+ Be7 11. Ba3 Be6 12. Rd1 Qxd1 13. Qxd1 Bxa3 14. Ng5 O-O 15.
Qd3 g6 16. Nxe6 fxe6 17. Qxc3 Bd6 18. Qxc6 Rad8 19. g3 Rf5 20. Rd1 Rdf8 21. Rd2 Kh8 22. Qc3+ Be5 23. Qe3 Bd6 24. Kg2 Bc5 25. Qc3+ Kg8 26.
f4 Bd6 27. Qc4 Kf7 28. Re2 Re8 29. Qd4 Rc5 30. c4 Rb8 31. Qe4 Re8 32. h4 a5 33.
Rb2 h5 34. a4 Rf5 35. Rb5 Rxb5 36. cxb5 Bb4 37. g4 hxg4 38. h5 gxh5 39. Qh7+ Kf6 40. Qxc7 e5 41. b6 Ke6 42. Qxe5+ Kd7 43.
Qd5+ Ke7 44. b7 Bd6 45. Qxh5 Rb8 46. Qxg4 Kd8 47. Qg7 Be7 48. Qg8+ Kc7 49. Qf7 Kd7 50. Qd5+ Bd6 51. f5 Kc7 52. Qxa5+ Kxb7 53. Qd5+ Kc7 54. a5 Re8 55. a6 Re2+ 56. Kf3 Re5 57. Qf7+ Kc6 58. Qb7+ Kc5 59. a7 Rxf5+ 60. Ke2 Re5+ 61. Kd3 Rd5+ 62. Qxd5+ Kxd5 63. a8=Q+ Ke5 64. Qe4+ Kf6 65.
Kc4 Be5 66. Kd5 Bc7 67. Qe6+ Kg5 68. Ke4 Bh2 69. Qf5+ Kh4 70. Qg6 Bg3 71. Kf3 Kh3 72. Qg4+ Kh2 73. Qxg3+ Kh1 74. Qg2# 1-0

[Event "*** Titled Tuesday Blitz"]
[Site "Chess.com"]
[Date "2021.02.02"]
[Round "5"]
[White "Firstov"]
[Black "1977Ivan"]
[Result "1-0"]
[WhiteElo "2507"]
[BlackElo "2703"]
[TimeControl "180+1"]
[EndTime "10:59:41 PST"]
[Termination "Firstov won by resignation"]

1. b3 e5 2. Bb2 Nc6 3. e3 d5 4.
Bb5 Ne7 5. Bxe5 a6 6. Bxc6+ Nxc6 7. Bb2 Qg5 8. Qf3 Bg4 9. Qg3 Bd6 10. f4 Qg6 11. d3 Nb4 12. Kd2 O-O-O 13. h3 Bd7 14.
Qxg6 hxg6 15. Bxg7 Rhg8 16. Bf6 d4 17. Bxd4 g5 18.
fxg5 Rde8 19. Nf3 Bc6 20. e4 Bf4+ 21. Kc3 a5 22. a3 Na6 23. Nbd2 b5 24. b4 Bd7 25.
Nb3 a4 26. Nc5 Nxc5 27. bxc5 c6 28. Bf6 Be3 29. Kb4 Rg6 30. Rae1 Bf4 31. Rhf1 Bg3 32. Re2 Bc7 33. Kc3 Be6 34. Nh4 Rgg8 35. Nf5 Kd7 36.
Nd4 Rg6 37. Nxe6 Kxe6 38. Ref2 Reg8 39. h4 Bg3 40. Rf4 Bxf4 41. Rxf4 Kd7 42. g4 Ke6 43.
h5 Rxg5 44. Bxg5 Rxg5 45. Kb4 f6 46. d4 Rg8 47. Kc3 Rg5 48. Kd3 Rg8 49. c3 Rg5 50.
Ke3 Rg8 51. Kf3 Rg5 52. Rf5 Rg8 53. e5 fxe5 54. Rxe5+ Kf6 55. Kf4 Rf8 56. g5+ Kg7+ 57. Kg4 Re8 58. Rxe8 1-0

[Event "*** Titled Tuesday Blitz"]
[Site "Chess.com"]
[Date "2021.02.02"]
[Round "5"]
[White "TokChess"]
[Black "AlexeiShirov"]
[Result "0-1"]
[WhiteElo "2481"]
[BlackElo "2835"]
[TimeControl "180+1"]
[EndTime "10:59:44 PST"]
[Termination "AlexeiShirov won on time"]

1. Nf3 d5 2. g3 g6 3. Bg2 Bg7 4. d4 Nf6 5. O-O O-O 6. Nbd2 c5 7. dxc5 Na6 8. Nb3 Ne4 9. Ng5 Bf5 10. Nxe4 Bxe4 11. Bxe4 dxe4 12. Qxd8 Raxd8 13. c3 e5 14.
Be3 f5 15. Rfd1 Nc7 16. Bg5 Rd5 17. Rxd5 Nxd5 18. Rd1 Nf6 19. Rd6 h6 20. Bxf6 Rxf6 21. Rxf6 Bxf6 22. Na5 b6 23. cxb6 axb6 24. Nc4 Bd8 25.
Nxe5 Kg7 26. f3 Kf6 27. Nc6 Bc7 28. Kf2 Ke6 29. Ke3 exf3 30. exf3 Kd5 31. Nb4+ Kc4 32. Nd3 Bd6 33. Nf4 g5 34. Ne6 Kd5 35. Nd4 f4+ 36. Kf2 fxg3+ 37. hxg3 h5 38. Nf5 Bc5+ 39. Kg2 Kc4 40. Ng7 Be3 41. Nxh5 Bc1 42. b3+ Kxc3 43. f4 gxf4 44. gxf4 Kb2 45. Kf3 Kxa2 46. Ke4 Kxb3 47.
Kd5 b5 48. f5 b4 49. f6 Ka2 50.
Ng7 b3 51. Nf5 b2 52. f7 b1=Q 53. f8=Q Qb3+ 54. Ke4 Qc2+ 55. Kd5 Bb2 56. Qa8+ Kb1 57. Nd6 Qd3+ 58. Ke6 Qe2+ 59. Kd7 Qg4+ 0-1

[Event "*** Titled Tuesday Blitz"]
[Site "Chess.com"]
[Date "2021.02.02"]
[Round "5"]
[White "Isajevsky_Anton"]
[Black "vugarrasulov"]
[Result "1/2-1/2"]
[WhiteElo "2537"]
[BlackElo "2740"]
[TimeControl "180+1"]
[EndTime "10:59:44 PST"]
[Termination "Game drawn - insufficient material"]

1. c4 Nf6 2. Nc3 c5 3. Nf3 e6 4. g3 d5 5. cxd5 exd5 6. d4 Nc6 7. Bg2 Be7 8. O-O O-O 9. b3 Ne4 10. Bb2 Bf6 11. e3 Bg4 12. h3 Bxf3 13. Bxf3 cxd4 14. Nxe4 dxe4 15. Bxe4 dxe3 16. Qxd8 exf2+ 17. Rxf2 Bxd8 18. Rd2 Bb6+ 19. Kg2 Rfe8 20. Bf3 Rad8 21. Rad1 Rxd2+ 22. Rxd2 Rd8 23. Rxd8+ Nxd8 24. Kf1 Kf8 25. Ke2 Nc6 26. Kd3 f6 27. Kc4 Ke7 28. Ba3+ Kd7 29. Kd5 g6 30. g4 Bd8 31. h4 Be7 32. Bb2 b6 33. a3 Bd8 34. h5 Ne7+ 35. Kc4 Ke6 36. hxg6 hxg6 37. Kb5 a5 38. Bd4 Nc8 39. Kc6 f5 40.
gxf5+ gxf5 41. b4 a4 42. Bd5+ Ke7 43. Be5 Na7+ 44. Kb7 Nb5 45. Bb2 f4 46. Kc6 Nd6 47. Be5 Nf5 48. Bxf4 Nd4+ 49. Kb7 b5 50. Be3 Nc2 51.
Bc5+ Kf6 52. Ka6 Nxa3 53. Bc6 Nc2 54. Bxb5 a3 55. Bc4 Be7 56. Bxe7+ Kxe7 57. b5 Kd6 58. b6 Nb4+ 59. Kb5 Nc6 60. Ka4 Kc5 61. Kxa3 Kxb6 1/2-1/2

[Event "*** Titled Tuesday Blitz"]
[Site "Chess.com"]
[Date "2021.02.02"]
[Round "5"]
[White "kidagent"]
[Black "Sokoloco"]
[Result "0-1"]
[WhiteElo "2280"]
[BlackElo "2493"]
[TimeControl "180+1"]
[EndTime "10:59:44 PST"]
[Termination "Sokoloco won by resignation"]

1. e4 g6 2. d4 Bg7 3. Nf3 d6 4. Nc3 a6 5. Be3 b5 6. a3 Bb7 7. Bd3 Nd7 8. O-O c5 9. dxc5 Nxc5 10. Re1 Nxd3 11. cxd3 Nf6 12. Qd2 O-O 13. Bh6 e5 14. Bxg7 Kxg7 15. d4 Re8 16. Rad1 Qb6 17. dxe5 dxe5 18.
Qg5 h6 19. Qe3 Qxe3 20. Rxe3 Rad8 21. Rxd8 Rxd8 22. Kf1 Kf8 23. Nxe5 Rd2 24. Re2 Rxe2 25. Kxe2 Nxe4 26. Nxe4 Bxe4 27. f3 Bd5 28. b4 Ke7 29. Ke3 Kd6 30. Kd4 Be6 31. Nd3 Bc8 32. Nc5 f6 33. Ne4+ Ke6 34. Kc5 f5 35. Nd2 Ke5 36.
g3 f4 37. g4 h5 38. h3 hxg4 39. hxg4 Be6 40. Kb6 Kd4 41. Kxa6 Ke3 42. Ne4 Kxf3 43.
Ng5+ Ke3 44. Nxe6 f3 45. Kxb5 f2 46. Nc5 f1=Q+ 47. Kb6 Qf6+ 48. Kb5 Kd4 49. a4 Qd6 50. a5 Qb8+ 51. Kc6 Kc4 52. a6 Qb5+ 53. Kd6 Qxb4 54. a7 Qxc5+ 0-1

[Event "*** Titled Tuesday Blitz"]
[Site "Chess.com"]
[Date "2021.02.02"]
[Round "5"]
[White "szefru"]
[Black "Fortitudine"]
[Result "0-1"]
[WhiteElo "2205"]
[BlackElo "2357"]
[TimeControl "180+1"]
[EndTime "10:59:44 PST"]
[Termination "Fortitudine won by resignation"]

1. e4 c5 2. Nf3 d6 3. d4 cxd4 4. Qxd4 Bd7 5. c4 Nc6 6. Qd3 g6 7. Nc3 Rc8 8. Be2 Bg7 9. Be3 Nf6 10.
h3 O-O 11. O-O b6 12. a3 Be6 13. Nd5 Nd7 14. Rab1 Nce5 15. Nxe5 Nxe5 16. Qc2 b5 17. b3 Bxd5 18. exd5 a6 19. f4 Nd7 20. f5 Ne5 21. Qe4 Qa5 22. b4 Qxa3 23. c5 Nc4 24. Bxc4 bxc4 25. Bf2 Qd3 26. Qxe7 Qxd5 27. f6 Bh6 28. Rfd1 Qe6 29. Rxd6 Qxe7 30. fxe7 Rfe8 31. Re1 Bg5 32. Rxa6 Rxe7 33. Rxe7 Bxe7 34. Ra1 Rb8 35. Be1 Bf6 36. Rc1 c3 37. Bxc3 Bxc3 38. Rxc3 Rxb4 39. c6 Rb8 40. Kf2 Kf8 41. Ke3 Ke7 42. Kd4 Kd6 43.
Ke4 Rb4+ 44. Kf3 Rb8 45. Kg4 f6 46. Rf3 Rf8 47. Rc3 Rc8 48. h4 Rxc6 49. Rd3+ Ke6 50.
Re3+ Kf7 51. Rd3 Rc4+ 52. Kh3 Rc7 53. h5 Re7 54. hxg6+ hxg6 55. g4 g5 56. Kg3 Kg6 57. Rf3 Re4 58. Rd3 Rf4 59. Re3 Ra4 60. Ra3 Rxa3+ 61.
Kf2 0-1

[Event "*** Titled Tuesday Blitz"]
[Site "Chess.com"]
[Date "2021.02.02"]
[Round "5"]
[White "Manukyan_Artak"]
[Black "ohajek96"]
[Result "1/2-1/2"]
[WhiteElo "2419"]
[BlackElo "2253"]
[TimeControl "180+1"]
[EndTime "10:59:45 PST"]
[Termination "Game drawn - insufficient material"]

1. e4 c6 2. d4 d5 3. e5 c5 4. dxc5 e6 5. a3 Bxc5 6. b4 Be7 7. c4 dxc4 8. Qxd8+ Bxd8 9. Bxc4 Ne7 10. Nc3 a6 11. Ne4 Bc7 12. Bb2 Nbc6 13. f4 O-O 14.
O-O-O Nf5 15. Ba2 b5 16. Nf3 a5 17. bxa5 Nxa5 18. Nd6 Bxd6 19. exd6 Bd7 20. Ne5 Rfd8 21. Kb1 Ne3 22. Rd2 Nec4 23. Nxc4 Nxc4 24. Bxc4 bxc4 25. Rc1 Ra4 26. Rd4 Rc8 27. g4 f6 28. Rc3 Kf7 29.
Re3 Rc6 30. Kc2 Raa6 31. f5 e5 32. Rd5 Rxd6 33. Rxd6 Rxd6 34. Bc3 Ba4+ 35. Kb2 Rd3 36. Rxd3 cxd3 37. Bd2 g6 38. fxg6+ hxg6 39. Kc3 e4 40. Kd4 f5 41. gxf5 gxf5 42. Ke5 Kg6 43. h4 Bd7 44. Kd6 Ba4 45. Ke5 Bd7 46. Kd6 Bc8 47. Kc7 Be6 48.
Kd6 Bb3 49. Ke5 Ba4 50. h5+ Kxh5 51. Kxf5 Bc6 52. a4 Bxa4 53. Kxe4 Bc2 54. Kd4 Kg4 55. Kc3 Kf3 56. Bh6 Ke2 57. Bg5 Bd1 58. Bh6 d2 59.
Bxd2 1/2-1/2

[Event "*** Titled Tuesday Blitz"]
[Site "Chess.com"]
[Date "2021.02.02"]
[Round "5"]
[White "Vandros57"]
[Black "karinachess1"]
[Result "0-1"]
[WhiteElo "2234"]
[BlackElo "2477"]
[TimeControl "180+1"]
[EndTime "10:59:48 PST"]
[Termination "karinachess1 won on time"]

1. d4 Nf6 2. c4 e6 3. a3 d5 4.
cxd5 exd5 5. Bf4 Be7 6. e3 O-O 7. Nc3 c5 8. dxc5 Bxc5 9. Bxb8 Rxb8 10. Nf3 Bg4 11. Be2 Re8 12. O-O a6 13. Nd4 Bxe2 14. Ndxe2 Qd6 15. Rc1 Bxe3 16. fxe3 Ng4 17. Nf4 Nxe3 18.
Qd3 Nxf1 19. Rxf1 d4 20. Ncd5 Qe5 21. h3 Rbd8 22. Qc4 b5 23. Qb3 h6 24. Qf3 Rf8 25. Kh1 Rd6 26. Qb3 Rfd8 27. Qf3 Rxd5 28. Nxd5 Qxd5 29.
Qd3 Qc4 30. Rd1 Qxd3 31. Rxd3 f5 32. Kg1 Kf7 33. Kf2 Ke6 34. g4 fxg4 35. hxg4 Ke5 36.
Rf3 d3 37. Ke1 Rd7 38. Kd2 Ke4 39. Rf8 Rc7 40. Re8+ Kf4 41. Kxd3 Kxg4 42. Re1 g5 43. Rg1+ Kf5 44. Rh1 Kg6 45. Ke4 Rf7 46. b4 g4 47.
Ke5 Kg5 48. Ke4 h5 49. Ke3 h4 50. Ke2 h3 51. Rc1 Kh4 52. Rc8 h2 53. Rh8+ Kg3 54.
Rh6 Kg2 55. Rh8 Re7+ 0-1

[Event "*** Titled Tuesday Blitz"]
[Site "Chess.com"]
[Date "2021.02.02"]
[Round "5"]
[White "GigaQuparadze"]
[Black "SilviusTiberius"]
[Result "1-0"]
[WhiteElo "2974"]
[BlackElo "2468"]
[TimeControl "180+1"]
[EndTime "10:59:49 PST"]
[Termination "GigaQuparadze won on time"]

1. e4 e5 2. Nf3 Nc6 3. Bb5 Nf6 4. Nc3 Nd4 5. Bc4 d6 6. Nxd4 exd4 7. Ne2 Nxe4 8. Nxd4 Be7 9. Qf3 d5 10. Bb5+ Bd7 11.
Bxd7+ Qxd7 12. O-O Bf6 13. Nf5 O-O-O 14. d3 Nd6 15.
Nxd6+ Qxd6 16. Bf4 Qd7 17. c3 Rde8 18. Qg3 g5 19. Bxg5 Rhg8 20. h4 h6 21. Qf3 hxg5 22.
Qxf6 Rg6 23. Qf3 gxh4 24. Kh2 Reg8 25. Rg1 Qd6+ 26. Kh1 Rf6 27. Qh3+ Qe6 28. Qxe6+ fxe6 29. Raf1 Rgf8 30. f3 Rg8 31. Kh2 Rg3 32. Re1 Rfg6 33. a4 Kd7 34. a5 Kd6 35. d4 c5 36. dxc5+ Kxc5 37. Ref1 e5 38. Re1 Kd6 39. b4 Rg7 40. Rd1 Rc7 41. Rd3 Rgg7 42. Rgd1 Ke6 43. Rxd5 Rxc3 44.
Rd6+ Kf5 45. R1d2 Rb3 46. Rh6 Rxb4 47. Rdd6 Rb2 48. Rdf6+ Kg5 49. Re6 Kf5 50. Rhf6+ Kg5 51. Kh3 Rb1 52. Kh2 Rb2 53. Rf8 Kh5 54. Rf5+ Rg5 55.
Rxg5+ Kxg5 56. Rxe5+ Kh6 57. Kh3 Ra2 58. Rb5 Kg6 59.
Rxb7 Rxa5 60. Kxh4 Ra1 61. Kg4 a5 62. f4 a4 63. Ra7 Kf6 64. Ra6+ Kf7 65. Kf5 a3 66. g4 Ke7 67. g5 Kf7 68. Ra7+ Ke8 69. g6 a2 70. Kf6 Rf1 71. Ra8+ Kd7 72. Rxa2 Rxf4+ 73. Kg5 Rf1 74. g7 Ke7 75. Ra7+ Ke6 76. g8=Q+ 1-0

[Event "*** Titled Tuesday Blitz"]
[Site "Chess.com"]
[Date "2021.02.02"]
[Round "5"]
[White "sbouchet"]
[Black "OlifantCZ"]
[Result "0-1"]
[WhiteElo "2329"]
[BlackElo "2167"]
[TimeControl "180+1"]
[EndTime "10:59:49 PST"]
[Termination "OlifantCZ won by checkmate"]

1. e4 e6 2. d4 d5 3. Nd2 c5 4.
dxc5 Bxc5 5. Bd3 Nf6 6. Qe2 Nc6 7. c3 d4 8. Ngf3 dxc3 9. bxc3 e5 10. O-O O-O 11.
h3 b6 12. Nc4 Qe7 13. Bg5 h6 14. Bh4 Bb7 15. Ne3 Bxe3 16. Qxe3 Rac8 17. Rac1 Rfd8 18. Rfd1 Qe6 19. Bb1 Na5 20. Rxd8+ Rxd8 21. Nd2 g5 22. Bg3 Nh5 23. Qe2 Nf4 24. Bxf4 gxf4 25. Nf3 Qc4 26.
Qb2 f6 27. Nh4 Bxe4 28. Nf5 Bxb1 29. Qxb1 Qd3 30. Nxh6+ Kg7 31. Nf5+ Kg6 32. g4 Qxb1 33. Rxb1 Rd3 34. Rc1 Rxh3 35. Kg2 Rd3 36. Rh1 Rxc3 37. Rh8 Nc6 38. Rg8+ Kh7 39. Rg7+ Kh8 40. Rc7 Rc2 41.
Rc8+ Kh7 42. Rc7+ Kg8 43. Rc8+ Kf7 44. Rc7+ Ke6 45. Ng7+ Kd5 46. Rf7 Rxa2 47. Nf5 Ke6 48. Rf8 b5 49. Re8+ Kd5 50. Rf8 b4 51. Rxf6 b3 52. Rf7 a5 53. Rb7 Nb4 54. g5 b2 55.
Ne7+ Ke6 56. g6 b1=Q 57. g7 Qe4+ 58. Kg1 Ra1+ 59. Kh2 Rh1# 0-1

[Event "*** Titled Tuesday Blitz"]
[Site "Chess.com"]
[Date "2021.02.02"]
[Round "5"]
[White "ftorodent"]
[Black "Vasily85"]
[Result "0-1"]
[WhiteElo "2692"]
[BlackElo "2446"]
[TimeControl "180+1"]
[EndTime "10:59:51 PST"]
[Termination "Vasily85 won by resignation"]

1. d4 Nf6 2. c4 e6 3. Nf3 b6 4. a3 Bb7 5. Nc3 d5 6. Bg5 Be7 7. e3 O-O 8. Rc1 Nbd7 9. cxd5 exd5 10. Bd3 c5 11. O-O h6 12. Bf4 Rc8 13. Bf5 c4 14. Ne5 Ra8 15. Bb1 Nxe5 16. dxe5 Nd7 17. Qc2 g6 18.
Bxh6 Nxe5 19. Bxf8 Bxf8 20. Rfd1 Nd3 21. Rxd3 cxd3 22.
Qxd3 Rc8 23. Rd1 Bg7 24. Ba2 Bxc3 25. bxc3 Qf6 26. Rc1 Rc5 27. Bb3 Qc6 28. Qd4 Qb5 29. Qb4 Qe2 30. h3 Qd2 31. Rc2 Qd3 32. Qd4 Qb5 33.
Qb4 Qd3 34. a4 Ba6 35. Qd4 Bc4 36. Qxd3 Bxd3 37. Rd2 Rxc3 38. Bxd5 Bc2 39. e4 Bxa4 40. e5 Bb3 41. Bxb3 Rxb3 42. Rd7 a5 43. f4 a4 44. Ra7 a3 45. Kh2 b5 46. g4 b4 47. f5 gxf5 48. gxf5 Rb2+ 49. Kg3 a2 50. e6 fxe6 51. fxe6 b3 52. Kf3 Rb1 53. Ra8+ Kg7 54. e7 Re1 55. Ra7 Kf7 56. Ra3 Rxe7 57. h4 Rb7 58. Kg4 b2 0-1

[Event "*** Titled Tuesday Blitz"]
[Site "Chess.com"]
[Date "2021.02.02"]
[Round "5"]
[White "kirillshevchenko"]
[Black "CheckThis4"]
[Result "1-0"]
[WhiteElo "2838"]
[BlackElo "2577"]
[TimeControl "180+1"]
[EndTime "10:59:51 PST"]
[Termination "kirillshevchenko won on time"]

1. e4 c5 2. Nf3 d6 3. Bb5+ Nd7 4. Ba4 Nf6 5. O-O a6 6. c4 g6 7. Nc3 Bg7 8. d3 O-O 9. h3 Ne5 10. Nxe5 dxe5 11. Be3 Qd6 12. a3 Rd8 13. Nd5 e6 14.
Nxf6+ Bxf6 15. Qf3 Bg7 16. Rab1 Bd7 17. Bxd7 Rxd7 18. b4 cxb4 19. axb4 Rad8 20. Rfd1 Qc6 21. Bg5 f6 22. Bc1 f5 23. Bg5 fxe4 24. dxe4 Rxd1+ 25. Rxd1 Rxd1+ 26. Qxd1 Qxe4 27. Qd8+ Bf8 28. Bh6 Qf5 29. c5 e4 30. Qc8 e3 31. fxe3 e5 32. Qb8 Qb1+ 33.
Kh2 Qf5 34. Bxf8 Qxf8 35. Qxb7 e4 36. Qd5+ Kg7 37. Qxe4 h5 38. Qd4+ Kh7 39. c6 Qb8+ 40.
Qf4 Qc8 41. c7 Qe6 42. Qd4 h4 43. Qxh4+ Kg7 44. Qd4+ Kh6 45. Qc5 g5 46. c8=Q Qf7 47. Qd6+ Kg7 48. Qcd7 g4 49. Qxf7+ Kxf7 50. hxg4 a5 51.
Qa6 Kg7 52. Qxa5 Kg6 53. b5 Kh7 54. b6 Kg8 55. b7 Kg7 56. b8=Q 1-0

[Event "*** Titled Tuesday Blitz"]
[Site "Chess.com"]
[Date "2021.02.02"]
[Round "5"]
[White "DenLaz"]
[Black "scarabee43"]
[Result "1/2-1/2"]
[WhiteElo "2822"]
[BlackElo "2600"]
[TimeControl "180+1"]
[EndTime "10:59:52 PST"]
[Termination "Game drawn - insufficient material"]

1. d4 Nf6 2. c4 e6 3. Nf3 d5 4. Nc3 Be7 5. Bg5 O-O 6. e3 h6 7.
Bh4 b6 8. Bd3 Bb7 9. O-O Nbd7 10. Qe2 Ne4 11. Bxe7 Qxe7 12. Rfd1 Rad8 13. cxd5 exd5 14.
a4 a5 15. Rac1 Rfe8 16. Ba6 Bxa6 17. Qxa6 Ndf6 18. Ne5 Ra8 19. Qb5 Qd6 20. Qc6 Qxc6 21. Nxc6 Nxc3 22. Rxc3 Re6 23. Rdc1 Kf8 24. f3 Nd7 25. g4 Rae8 26. Kf2 g6 27. h4 f5 28. gxf5 gxf5 29. R1c2 Kg7 30. b4 axb4 31. Nxb4 c5 32. Nxd5 cxd4 33. exd4 Rd6 34. Ne3 Kf6 35. Rc6 Ree6 36. d5 Rxc6 37. dxc6 Nc5 38. c7 Rc6 39. Rd2 Ke6 40. Nd5 Nxa4 41. Nf4+ Ke7 42. Ra2 Nc3 43. Ra8 Rxc7 44. Rb8 Rc4 45. Ng6+ Kf7 46. Ne5+ Ke6 47. Nxc4 Kd5 48. Nxb6+ Kc6 49. Nc4 Kd5 50. Ne3+ Ke5 51. Rb5+ Nxb5 52. Ng2 Nd4 53. Kg3 Ne2+ 54. Kf2 Nd4 55.
Ne3 f4 56. Ng4+ Kf5 57. Nxh6+ Kg6 58. Ng4 Kh5 59. Nf6+ Kxh4 60. Ne4 Kh5 61. Nc5 Nxf3 62. Kxf3 Kg5 63. Ne6+ Kg6 64. Nxf4+ 1/2-1/2

[Event "*** Titled Tuesday Blitz"]
[Site "Chess.com"]
[Date "2021.02.02"]
[Round "5"]
[White "Firegrizzly"]
[Black "Zmof"]
[Result "1-0"]
[WhiteElo "2591"]
[BlackElo "2122"]
[TimeControl "180+1"]
[EndTime "10:59:54 PST"]
[Termination "Firegrizzly won on time"]

1. d4 Nf6 2. Nf3 e6 3. Bg5 Be7 4. Nbd2 d5 5. Bxf6 Bxf6 6. e4 dxe4 7. Nxe4 b6 8. Bd3 Bb7 9. Qd2 Nd7 10. O-O-O Qe7 11.
h4 O-O-O 12. Qe2 Kb8 13. g4 g6 14. g5 Bg7 15. h5 Rhg8 16. Ba6 c5 17. Bxb7 Kxb7 18.
hxg6 hxg6 19. d5 exd5 20. Rxd5 Ne5 21. Rhd1 Rxd5 22. Rxd5 Nxf3 23. Qxf3 Kb8 24. Qf4+ Qc7 25. Qd2 Re8 26. f3 Rh8 27. Nf2 Bd4 28. Nd1 Qc6 29. Qf4+ Qc7 30. Qe4 Rd8 31. Rxd8+ Qxd8 32. c3 Bg7 33. f4 Qd7 34. Ne3 a6 35. Nd5 Ka7 36. Kc2 Bf8 37. a4 Bd6 38. Kd3 Qf5 39. Qxf5 gxf5 40.
Ke3 Kb7 41. Kf3 Kc6 42. Ne3 b5 43. axb5+ Kxb5 44. Nxf5 Bf8 45. Ne3 Ka4 46. Nc4 Kb3 47.
Ne5 Kxb2 48. Nxf7 a5 49. f5 a4 50. Ne5 Kb3 51. f6 a3 52. g6 a2 53. g7 Bxg7 54.
fxg7 a1=Q 55. g8=Q+ Kxc3 56. Qc4+ Kd2 57. Qd3+ Kc1 58.
Qf1+ Kb2 59. Nc4+ Ka2 60. Qe2+ Kb3 61. Nd2+ 1-0

[Event "*** Titled Tuesday Blitz"]
[Site "Chess.com"]
[Date "2021.02.02"]
[Round "5"]
[White "mamonika"]
[Black "orrbaverlekszarnyon"]
[Result "0-1"]
[WhiteElo "2019"]
[BlackElo "2314"]
[TimeControl "180+1"]
[EndTime "10:59:54 PST"]
[Termination "orrbaverlekszarnyon won on time"]

1. e4 c5 2. Nf3 d6 3. d4 cxd4 4. Nxd4 Nf6 5. Nc3 g6 6. Be2 Bg7 7.
O-O O-O 8. Nb3 Nc6 9. Bg5 Be6 10.
Re1 a5 11. a4 Nb4 12. Bf1 Rc8 13. Nd4 Qb6 14. Ncb5 Qc5 15. Be3 Nxc2 16. Nxe6 Nxe3 17.
Nxc5 Nxd1 18. Nd3 Nxe4 19. Raxd1 d5 20. f3 Nc5 21. Rxe7 b6 22. Nxc5 Rxc5 23. b3 Rd8 24. Bd3 Bf6 25. Rb7 Rc6 26. Re1 h5 27. Kf2 h4 28. g3 hxg3+ 29. hxg3 Kg7 30. f4 Rh8 31. Kf3 Rh2 32. Re2 Rh1 33. Rd7 d4 34. Kg2 Rd1 35. Be4 Re6 36. Bf3 Rxe2+ 37. Bxe2 Rb1 38. Bc4 Rb2+ 39.
Kf3 Rd2 40. Rxf7+ Kg8 41. Rxf6+ Kg7 42. Rf7+ Kh6 43. Rd7 Rd1 44. Rxd4 Rb1 45. Rd6 Rb2 46. Rxb6 Kg7 47. Rd6 g5 48. Nd4 Rb1 49. Kg4 gxf4 50. gxf4 Rg1+ 51. Kf5 Rh1 52. Ne6+ Kg8 53. Ng5+ Kg7 54.
Rd7+ Kf8 55. Rf7+ Ke8 56. Bb5+ Kd8 57. Ke5 Re1+ 58. Ne4 Rf1 59. Rd7+ Kc8 60. Nd6+ Kb8 0-1

[Event "*** Titled Tuesday Blitz"]
[Site "Chess.com"]
[Date "2021.02.02"]
[Round "5"]
[White "GiorgianBarbosa"]
[Black "NaciSAN"]
[Result "1/2-1/2"]
[WhiteElo "2490"]
[BlackElo "2304"]
[TimeControl "180+1"]
[EndTime "10:59:55 PST"]
[Termination "Game drawn by repetition"]

1. d4 Nf6 2. c4 g6 3. Nc3 Bg7 4.
g3 O-O 5. Bg2 d6 6. Nf3 Nc6 7.
O-O Bf5 8. b3 Ne4 9. Bb2 Nxc3 10. Bxc3 Be4 11. Rc1 d5 12. cxd5 Qxd5 13. e3 Rac8 14.
Ne1 Bxg2 15. Nxg2 a5 16. Nf4 Qd7 17. d5 Ne5 18. Bxa5 Rfd8 19. e4 b6 20. Bc3 c6 21.
Bxe5 Bxe5 22. dxc6 Qxd1 23. Rfxd1 Rxd1+ 24. Rxd1 Bxf4 25. gxf4 Rxc6 26. Ra1 Rf6 27. Kg2 Rxf4 28. f3 f5 29. Kg3 g5 30. exf5 Rxf5 31. a4 Rf4 32.
Re1 Kf7 33. Re4 Rxe4 34. fxe4 h5 35. Kf3 Ke6 36. b4 Kd7 37. e5 e6 38. Ke4 Kc6 39. Kd4 Kb7 40. Kc4 Kc6 41. Kd4 Kc7 42. h3 Kb7 43. b5 Kc7 44. Ke4 Kb7 45. Kf3 Kc7 46. Kg3 Kb7 47. Kg2 Kc7 48. Kg1 Kb7 49. Kh2 Kc7 50. Kh1 Kd7 51. Kg1 Kc7 52. Kf2 Kb7 53. Ke3 Ka7 54. Ke4 Kb7 55. Kd4 Kc7 56. Kd3 Kd7 57. Kd2 Ke7 58. Kd1 Kd7 59. Ke1 Kc7 60. Ke2 Kb7 61. Ke3 Ka7 62. h4 g4 63. Kf4 Kb7 64. Kg3 Kc7 65. Kg2 Kb7 66. Kg1 Kc7 67. Kf1 Kb7 68. Kg1 Kc7 69. Kh1 Kb7 70.
Kh2 Kc7 71. Kg3 Kb7 72. Kg2 Kc7 73. Kf1 Kb7 74. Kg2 Kc7 75. Kg3 Kb7 76. Kf4 Kc7 77. Ke4 Kb7 78. Ke3 Kc7 79. Ke2 Kb7 80. Ke1 Kc7 81. Kd2 Kb7 82. Kd1 Ka7 83. Ke2 Kb8 84. Kd3 Ka8 85. Ke4 Kb7 86. Kf4 Ka7 87. Kg3 Kb7 1/2-1/2

[Event "*** Titled Tuesday Blitz"]
[Site "Chess.com"]
[Date "2021.02.02"]
[Round "5"]
[White "KRSilva"]
[Black "kobemagic"]
[Result "0-1"]
[WhiteElo "2210"]
[BlackElo "2366"]
[TimeControl "180+1"]
[EndTime "10:59:55 PST"]
[Termination "kobemagic won by resignation"]

1. Nf3 Nf6 2. d4 g6 3. Nc3 Bg7 4. e4 d6 5. Bc4 O-O 6. O-O c6 7. Bg5 b5 8. Bd3 Nbd7 9. a3 e5 10. d5 cxd5 11. Nxd5 a6 12. Qd2 Bb7 13. Nc3 Nc5 14. Rad1 Qc7 15. Rfe1 Rac8 16. h3 Ne6 17. Bh6 Nc5 18. Nh4 Nxd3 19. cxd3 Qd8 20. Nf5 gxf5 21.
exf5 Bxh6 22. Qxh6 Ne8 23. Ne4 f6 24. Re3 Rc7 25.
Rg3+ Rg7 26. Re1 Bxe4 27. Rxe4 Rf7 28. Rh4 Rxg3 29. fxg3 Rg7 30. g4 Qb6+ 31. Kh2 Qf2 32. g5 fxg5 33. Rg4 Qxf5 34. Qh5 Nf6 35. Qh6 Qg6 36.
Qxg6 hxg6 37. Rg3 g4 38. hxg4 g5 39. Kg1 Rc7 40. Kf2 Rc2+ 41. Ke3 Kf7 42. Rf3 Ke6 43. Rf5 d5 44. Rxg5 d4+ 45. Kf3 Rxb2 46. Rg6 Kf7 47. Rh6 Rd2 48. g5 Ng8 49. Rxa6 Rxd3+ 50. Ke4 Re3+ 51. Kf5 Ne7+ 52. Kg4 d3 53. Kh5 Re4 54. g6+ Nxg6 55. Rxg6 d2 56. Rd6 Rd4 0-1